 Dungeon Crawl Stone Soup version 0.30-a0-385-gfebfb9b408 (webtiles) character file.

Game seed: 15461025299961308179

2018 holysushi the Nimble (level 9, 60/60 HPs)
             Began as a Djinni Ice Elementalist on Nov 20, 2022.
             Quit the game on level 6 of the Dungeon on Dec 2, 2022.
             The game lasted 00:17:48 (5598 turns).

holysushi the Nimble (Djinni Ice Elementalist)      Turns: 5598, Time: 00:17:48

Health: 60/60      AC:  7    Str:  7    XL:     9   Next: 46%
Gold:   301        EV: 16    Int: 18    God:
                   SH:  0    Dex: 21

rFire   + + .      SeeInvis .    c - +5 dagger "Qush" {vorpal, rC+ rCorr Dex+4}
rCold   . . .      Faith    .    (no shield)
rNeg    . . .      Spirit   .    z - +0 acid dragon scales
rPois   ∞          Reflect  .    (no helmet)
rElec   .          Harm     .    (no cloak)
rCorr   +          Rampage  .    u - +0 pair of gloves
Will    .....                    (boots unavailable)
Stlth   ++........               (no amulet)
HPRegen 0.30/turn                f - ring of willpower
MPRegen 0.00/turn                r - ring of wizardry

@: weak-willed, flying
A: sickness immunity, fire resistance 2, cold vulnerability 1, float, innate
caster, HP casting, extra vitality 1
a: no special abilities


You were on level 6 of the Dungeon.
You visited 1 branch of the dungeon, and saw 7 of its levels.

You collected 1039 gold pieces.
You spent 738 gold pieces at shops.

Inventory:

Hand Weapons
 c - the +5 dagger "Qush" (weapon) {vorpal, rC+ rCorr Dex+4}
   (You bought it in a shop on level 2 of the Dungeon)

   It inflicts extra damage upon your enemies.
   Dex:       It affects your dexterity (+4).
   rC:        It protects you from cold.
   rCorr:     It protects you from acid and corrosion.
 i - a +2 vampiric hand axe
 l - a +3 short sword of speed
 y - a +1 scimitar of flaming
Missiles
 d - 4 javelins
 k - 12 boomerangs
Armour
 a - a +1 robe
 u - a +0 pair of gloves (worn)
 z - +0 acid dragon scales (worn)
Jewellery
 f - a ring of willpower (left hand)
 r - a ring of wizardry (right hand)
 x - a ring of positive energy
Scrolls
 e - a scroll of fog
 h - 7 scrolls of teleportation
 n - 3 scrolls of fear
 p - 2 scrolls of enchant weapon
 q - 2 scrolls of enchant armour
 s - a scroll of immolation
 t - a scroll of noise
Potions
 b - a potion of brilliance
 g - a potion of invisibility
 j - a potion of might
 m - a potion of cancellation
 o - a potion of heal wounds
 v - 2 potions of lignification {unknown}
 A - a potion of curing {unknown}


   Skills:
 - Level 3.0 Fighting
 + Level 9.0 Dodging
 - Level 2.0 Stealth
 + Level 7.0 Spellcasting


You had 2 spell levels left.
You knew the following spells:

 Your Spells              Type           Power      Damage    Failure   Level
a - Freeze                Ice            100%       1d10      1%          1
b - Frozen Ramparts       Ice            62%        1d10      1%          3
c - Ozocubu's Armour      Ice            31%        N/A       1%          3
d - Summon Ice Beast      Ice/Summ       31%        N/A       4%          4
e - Summon Small Mammal   Summ           100%       N/A       1%          1
f - Searing Ray           Conj           62%        2d6       1%          2
g - Portal Projectile     Hex/Tloc       62%        N/A       1%          3
h - Gell's Gravitas       Tloc           31%        N/A       1%          3
Your spell library was empty.

Dungeon Overview and Level Annotations

Branches:
Dungeon (7/15) Zot: 24810
 Temple: D:4-7

Altars:
Elyvilon

Shops:
D:2 *[?

Annotations:
D:2 exclusion: downstairs
D:6 exclusion: door


Innate Abilities, Weirdness & Mutations

You are immune to sickness and miasma.
You are immune to poison.
Your flesh is very heat resistant. (rF++)
You are vulnerable to cold. (rC-)
You float through the air rather than walking.
You learn spells naturally, not from books.
Your magical power is your life essence.
You have superior vitality. (+4 MHP)


Message History

Your ice beast hits the ice beast.
Your ice beast freezes the ice beast.
The ice beast completely resists.
Your ice beast disappears in a puff of smoke!
There is an escape hatch in the ceiling here.
A mysterious force pulls you upwards. The hatch slams shut behind you.
You start resting.
HP restored.
(D) Dungeon
Where to? (? - help)
You see here 3 stones.
There is a stone staircase leading down here.
You fly downwards.
Level annotation: exclusion: door
There is a stone staircase leading up here.
There is an escape hatch in the floor here.
You now have 284 gold pieces (gained 7).
Found a potion of flight.
p - 2 scrolls of enchant weapon (gained 1)
You now have 301 gold pieces (gained 17).
Found a stone staircase leading up.
You see here a potion of flight.
You see here a potion of flight.
Key pressed, stopping explore.
Found a leather armour.
h - 7 scrolls of teleportation (gained 1)
You see here a +0 leather armour.
Partly explored, can't reach some items and places.
Partly explored, can't reach some items and places.
As you read the scroll labelled ICSIRGH VOXTODGH, it crumbles to dust.
Magic quickly surges around you.
It was a scroll of vulnerability.
Partly explored, can't reach some items and places.
Partly explored, can't reach some items and places.
Partly explored, can't reach some items and places.
Partly explored, can't reach some items and places.
Level annotation: exclusion: door Welcome back, holysushi the Djinni Ice Elementalist.
Press ? for a list of commands and other information.
Cast which spell? (? or * to list)
Okay, then.
Are you sure you want to abandon this character and quit the game? (Confirm with "yes".)

#.####.#.#.### #. #..........#.#
#. #..........#.#######.
#######............... #...#
##.############# ####### #.#.#
#............... ......# #.#.#
#..###########..
#####.######.#.###..# #.#
.............#[.@#..# #.#
#####.##########.#..###########.#
# #............#...........<..#
########.....#####.########.#####
.............# #.#### #......
###.....>....# #....# #######
..#.##.).....########.###
#.#.##.......##.........#
....##.......##.#####.#.#


There were no monsters in sight!

Vanquished Creatures
  Sigmund (D:2)
  2 kobold brigands (D:6)
  2 bullfrogs (D:6)
  A howler monkey (D:6)
  An orc priest (D:3)
  Jessica (D:2)
  Natasha (thrice) (D:2)
  An iguana (D:5)
  4 orc wizards
  Terence (D:2)
  2 adders
  3 dart slugs
  9 orcs
  4 endoplasms
  A giant cockroach (D:1)
  9 goblins
  6 hobgoblins
  7 jackals
  3 quokkas
  6 ball pythons
  6 bats
  A frilled lizard (D:3)
  10 kobolds
  6 rats
90 creatures vanquished.

Vanquished Creatures (collateral kills)
  Maggie (D:6)
  Grinder (D:6)
  2 ogres
  2 necrophages
  5 scorpions
  2 jellies
  2 iguanas (D:5)
  An adder (D:5)
  A white imp (D:5)
  2 orcs
19 creatures vanquished.

Vanquished Creatures (others)
  An endoplasm (D:3)
  7 fungi (D:6)
  2 plants (D:1)
  9 toadstools (D:6)
19 creatures vanquished.

Grand Total: 128 creatures vanquished

Notes
Turn   | Place    | Note
-------+----------+-------------------------------------------
     0 | D:1      | holysushi the Djinni Ice Elementalist began the quest for
                  | the Orb.
     0 | D:1      | holysushi set off with the following spells memorised:
                  | Freeze, Frozen Ramparts, Ozocubu's Armour, Summon Ice
                  | Beast.
     0 | D:1      | Reached XP level 1. HP: 15/15 MP: 0/0
   191 | D:1      | Reached XP level 2. HP: 18/21 MP: 0/0
   546 | D:1      | Reached XP level 3. HP: 16/25 MP: 0/0
   546 | D:1      | Learned a level 1 spell: Summon Small Mammal
   779 | D:1      | Found a faded altar of an unknown god.
  1093 | D:2      | Noticed Natasha
  1102 | D:2      | HP: 1/25 [Natasha/magic dart (7)]
  1106 | D:2      | Killed Natasha
  1107 | D:2      | Reached skill level 3 in Dodging
  1107 | D:2      | Reached XP level 4. HP: 21/31 MP: 0/0
  1238 | D:2      | Found Gevurirch's Magic Scroll Emporium.
  1251 | D:2      | Bought a scroll of teleportation for 42 gold pieces
  1274 | D:2      | Noticed Jessica
  1284 | D:2      | Killed Jessica
  1390 | D:2      | Found Gairicasch's Antique Armour Emporium.
  1416 | D:2      | Reached skill level 1 in Fighting
  1420 | D:2      | Reached XP level 5. HP: 37/37 MP: 0/0
  1420 | D:2      | Learned a level 2 spell: Searing Ray
  1427 | D:2      | Found Fusmyh's General Store.
  1428 | D:2      | Noticed Natasha
  1436 | D:2      | Noticed Terence
  1437 | D:2      | Killed Natasha
  1454 | D:2      | Killed Terence
  1742 | D:2      | Noticed Sigmund
  1966 | D:2      | HP: 1/37 [Sigmund/+0 scythe (12)]
  1968 | D:2      | Killed Sigmund
  1969 | D:2      | Reached skill level 4 in Dodging
  1969 | D:2      | Reached XP level 6. HP: 26/45 MP: 0/0
  2076 | D:2      | Noticed Natasha
  2086 | D:2      | Killed Natasha
  2178 | D:2      | Bought a scroll of identify for 24 gold pieces
  2430 | D:3      | Identified a scroll of acquirement
  2430 | D:3      | Acquired 704 gold pieces
  2465 | D:2      | Bought the +5 dagger "Qush" {vorpal, rC+ rCorr Dex+4} for
                  | 672 gold pieces
  2590 | D:2      | Reached XP level 7. HP: 38/49 MP: 0/0
  2590 | D:2      | Learned a level 3 spell: Portal Projectile
  3097 | D:4      | Reached skill level 5 in Dodging
  3358 | D:4      | You are sucked into a shaft and drop 3 floors!
  3409 | D:5      | Entered Level 5 of the Dungeon
  3487 | D:4      | Reached skill level 6 in Dodging
  3487 | D:4      | Reached skill level 5 in Spellcasting
  3548 | D:4      | Found a white marble altar of Elyvilon.
  3775 | D:5      | Reached XP level 8. HP: 48/56 MP: 0/0
  4211 | D:5      | Reached skill level 7 in Dodging
  4675 | D:6      | Noticed Maggie
  4725 | D:6      | Killed Maggie
  4726 | D:6      | Reached skill level 8 in Dodging
  4726 | D:6      | Reached XP level 9. HP: 21/60 MP: 0/0
  4726 | D:6      | Learned a level 3 spell: Gell's Gravitas
  4973 | D:6      | Noticed Grinder
  4999 | D:6      | Killed Grinder
  5130 | D:6      | Noticed a slime creature
  5130 | D:6      | Noticed a slime creature
  5137 | D:6      | Upgraded the game from 0.30-a0-368-g86fb4627a9 to
                  | 0.30-a0-371-gad7725a93e
  5225 | D:6      | Reached skill level 9 in Dodging
  5598 | D:6      | Upgraded the game from 0.30-a0-371-gad7725a93e to
                  | 0.30-a0-385-gfebfb9b408
  5598 | D:6      | Quit the game

Illustrated notes

Levels and vault maps discovered:
D:1:      dpeg_arrival_rooms_with_view, layout_loops_cross, serial_forest,
          infiniplex_forest_clump_double, infiniplex_forest_clump_curved,
          infiniplex_forest_fountain, infiniplex_forest_corner_1,
          infiniplex_forest_lined_3_way, infiniplex_forest_clump_large,
          infiniplex_forest_straight_2, infiniplex_forest_clump_long,
          shapermc_ecumenical_altar_flowoftime
D:2:      layout_loops_cross, serial_glass, glass_columns_b, glass_columns_a,
          glass_columns_a, glass_columns_a, glass_columns_a, glass_columns_a,
          glass_columns_b, glass_columns_c, glass_columns_c, glass_columns_b,
          serial_shops, shop, shop, shop, kennysheep_generic_room_14,
          uniq_sigmund, uniq_natasha, uniq_jessica, uniq_terence
D:3:      layout_rooms, st_stairs_8
D:4:      layout_rooms, mainiacjoe_overflow_24_doors
D:5:      layout_loops_ring
D:6:      cheibrodos_fertilizer, layout_basic, uniq_maggie, uniq_grinder
D:7:      layout_loops_ring, temple_hall, enter_bailey_4,
          biasface_ghost_orc_armoury, minmay_shattered_shrine, uniq_joseph

Skill      XL: |  1  2  3  4  5  6  7  8  9 |
---------------+----------------------------+-----
Stealth        | 2 |  2.0
Dodging        | 3 4 6 8 9 |  9.0
Fighting       | 1 2 3 |  3.0
Spellcasting   | 4 5 6 7 |  7.0

Action                   |  1- 3 |  4- 6 |  7- 9 || total
-------------------------+-------+-------+-------++-------
Melee: Unarmed           |    10 |       |       ||    10
       Short sword       |     2 |    27 |       ||    29
       Dagger            |       |     4 |    58 ||    62
       Punch             |       |       |     1 ||     1
 Cast: Freeze            |    37 |    33 |    36 ||   106
       Frozen Ramparts   |       |     3 |     3 ||     6
       Searing Ray       |       |     2 |       ||     2
       Summon Small Mamm |       |     5 |     6 ||    11
       Summon Ice Beast  |       |       |    23 ||    23
       Ozocubu's Armour  |       |       |     1 ||     1
       Gell's Gravitas   |       |       |     3 ||     3
  Use: Potion            |     2 |     1 |     1 ||     4
       Scroll            |       |    11 |     6 ||    17
 Stab: Sleeping          |     1 |     5 |     1 ||     7
       Distracted        |       |       |     1 ||     1
Armor: Robe              |     7 |     3 |    12 ||    22
       Acid dragon scale |       |       |    22 ||    22
Dodge: Dodged            |    24 |    42 |   100 ||   166

Table legend: (Time is in decaauts)
 A = Elapsed time spent in this place.
 B = Non-inter-level travel time spent in this place.
 C = Inter-level travel time spent in this place.
 D = Time resting spent in this place.
 E = Time spent auto-exploring this place.
 F = Levels seen in this place.
 G = Mean time per level.
                   A        B        C        D        E       F      G
               +--------+--------+--------+--------+--------+-----+--------+
         Total |   5592 |   5245 |    347 |   1023 |   2646 |   7 |  798.9 |
       Dungeon |   5592 |   5245 |    347 |   1023 |   2646 |   7 |  798.9 |
               +--------+--------+--------+--------+--------+-----+--------+

Top non-repeatable levels by time:
     D:2: 1353 daAuts
     D:1: 1176 daAuts
     D:6: 1026 daAuts
     D:5: 879 daAuts
     D:3: 592 daAuts
     D:4: 558 daAuts
     D:7: 5 daAuts
